 Dungeon Crawl Stone Soup version 0.27.0 (webtiles) character file.

Game seed: 15595768266711284863

119 ZARRMARR the Twirler (level 5, -3/31 HPs)
             Began as a Gargoyle Gladiator on July 30, 2021.
             Was an Initiate of Okawaru.
             Slain by a gnoll sergeant (5 damage)
             ... on level 6 of the Dungeon.
             The game lasted 00:14:12 (2864 turns).

ZARRMARR the Twirler (Gargoyle Gladiator)           Turns: 2864, Time: 00:14:12

Health: -3/31      AC:  8    Str: 19    XL:     5   Next: 3%
Magic:  5/5        EV: 12    Int:  8    God:    Okawaru [......]
Gold:   119        SH:  0    Dex: 11    Spells: 4/4 levels left

rFire    . . .     SeeInvis .   a - +0 quarterstaff
rCold    + . .     Faith    .   (shield currently unavailable)
rNeg     + . .     Spirit   .   b - +0 leather armour
rPois    ∞         Reflect  .   c - +0 helmet
rElec    +         Harm     .   (no cloak)
rCorr    .         Rampage  .   (no gloves)
Will     .....                  (no boots)
Stlth    +.........             (no amulet)
HPRegen  0.10/turn              n - ring of protection from cold
MPRegen  0.09/turn              (no ring)

@: no status effects
A: sickness immunity, AC +4, negative energy resistance 1, electricity
resistance, torment resistance 1, petrification resistance
a: Renounce Religion


You were on level 6 of the Dungeon.
You worshipped Okawaru.
Okawaru was noncommittal.
You visited 1 branch of the dungeon, and saw 4 of its levels.

You collected 119 gold pieces.

Inventory:

Hand Weapons
 a - a +0 quarterstaff (weapon)
 e - a +1 mace of holy wrath
 i - a +1 short sword of venom
Missiles
 d - 121 stones
 k - a boomerang (quivered)
Armour
 b - a +0 leather armour (worn)
 c - a +0 helmet (worn)
 j - a +2 kite shield
 m - a scarf of shadows
Jewellery
 n - a ring of protection from cold (left hand)
Scrolls
 g - 4 scrolls of identify {unknown}
 q - 2 scrolls of teleportation {unknown}
Potions
 f - a potion of lignification {unknown}
 h - a potion of flight {unknown}
 l - 3 potions of heal wounds {unknown}
 o - a potion of haste {unknown}
 p - a potion of curing {unknown}


   Skills:
 + Level 2.5 Fighting
 + Level 4.1 Staves
 + Level 2.8 Throwing
 + Level 1.2 Armour
 + Level 2.8 Dodging


You had 4 spell levels left.
You didn't know any spells.
Your spell library contained the following spells:

 Spells                   Type           Power      Damage    Failure   Level
 Beastly Appendage        Tmut           0%         N/A       45%         1
 Wereblood                Tmut           0%         N/A       61%         2
 Spider Form              Tmut/Pois      0%         N/A       83%         3


Dungeon Overview and Level Annotations

Branches:
Dungeon (3/15)

Altars:
Elyvilon
Okawaru

Annotations:
D:6 Blork the orc


Innate Abilities, Weirdness & Mutations

You are immune to sickness and miasma.
Your stone body is resilient. (AC +4)
You are immune to poison.
You resist negative energy. (rN+)
You are resistant to electric shocks. (rElec)
You are resistant to unholy torment.
You are immune to petrification.


Message History

There is an open door here.
Things that are here:
a +0 club; a +0 leather armour A bat comes into view.
Throw: boomerang
Press: ? - help, Q - select action, (/) - cycle Shift-Dir - straight line, f - bat
Aim: a bat (42% to hit)
You throw a boomerang. The boomerang hits the bat.
You kill the bat!
Okawaru accepts your kill.
Found a ring mail.
Found a stone staircase leading up.
You fall into a shaft and drop 3 floors!
The shaft crumbles and collapses.
Blork the orc comes into view.
He is wielding a +0 battleaxe and wearing a +0 robe of positive energy.
Blork the orc shouts!
An orc warrior comes into view. It is wielding a +0 great sword.
The orc warrior shouts!
A gnoll sergeant comes into view. It is wielding a +0 trident.
The gnoll sergeant shouts!
A gnoll sergeant comes into view. It is wielding a +0 trident.
The gnoll sergeant shouts!
An orc warrior comes into view. It is wielding a +0 great sword.
The orc warrior shouts!
Found a runed demon blade.
You closely miss the orc warrior.
The gnoll sergeant hits you from afar with a +0 trident!
The orc warrior closely misses you.
The gnoll sergeant hits you but does no damage.
You hit the orc warrior.
The orc warrior is lightly wounded.
The gnoll sergeant hits you from afar with a +0 trident.
The orc warrior hits you with a +0 great sword!!
Ouch! That really hurt!
* * * LOW HITPOINT WARNING * * *
The gnoll sergeant closely misses you.
A bullfrog skeleton comes into view.
You barely miss the orc warrior.
The orc warrior is lightly wounded.
The gnoll sergeant hits you from afar with a +0 trident.
You die...

# ...##
#.. ##.
... ...
.. ... ..
# .......
#. o###.
# #.. #)#
.#
#.g###o.#
#...@...#
#.go....#
###..####
###. #


You could see Blork the orc, 2 orc warriors and 2 gnoll sergeants.

Vanquished Creatures
  An iguana (D:3)
  3 adders
  3 orcs
  9 bats
  7 endoplasms
  4 giant cockroaches
  6 goblins
  4 hobgoblins
  4 jackals (D:1)
  3 kobolds (D:1)
  A quokka (D:1)
  3 ball pythons
  A frilled lizard (D:2)
  7 rats
56 creatures vanquished.

Vanquished Creatures (others)
  3 plants (D:1)
  2 withered plants (D:1)
5 creatures vanquished.

Grand Total: 61 creatures vanquished

Notes
Turn   | Place    | Note
-------+----------+-------------------------------------------
     0 | D:1      | ZARRMARR the Gargoyle Gladiator began the quest for the
                  | Orb.
     0 | D:1      | Reached XP level 1. HP: 12/12 MP: 1/1
   112 | D:1      | Reached XP level 2. HP: 13/17 MP: 2/2
   464 | D:1      | Reached XP level 3. HP: 22/22 MP: 3/3
   843 | D:1      | Found a faded altar of an unknown god.
  1661 | D:2      | Reached XP level 4. HP: 27/27 MP: 4/4
  2291 | D:3      | Found a white marble altar of Elyvilon.
  2357 | D:3      | Reached skill level 1 in Armour
  2517 | D:3      | Found an iron altar of Okawaru.
  2529 | D:3      | Became a worshipper of Warmaster Okawaru
  2692 | D:3      | Reached skill level 4 in Staves
  2726 | D:3      | Reached XP level 5. HP: 23/31 MP: 5/5
  2861 | D:3      | You fall into a shaft and drop 3 floors!
  2861 | D:6      | Noticed Blork the orc
  2861 | D:6      | Noticed an orc warrior
  2861 | D:6      | Noticed an orc warrior
  2864 | D:6      | Slain by a gnoll sergeant

Illustrated notes

Levels and vault maps discovered:
D:1:      lemuel_arrival_tunnels, layout_basic,
          shapermc_ecumenical_altar_flowoftime, chequers_hall_statues_corner_a
D:2:      layout_basic
D:3:      layout_loops_corners, mainiacjoe_overflow_concentric_impassable,
          mainiacjoe_overflow_cross_hatched, serial_shops,
          nicolae_shop_temple_entry_statues_fountains, minmay_quadrilaterals
D:6:      layout_layer_cave, nicolae_water_bricks, sword_in_stone, uniq_edmund,
          uniq_prince_ribbit1, uniq_blork_the_orc

Skill      XL: |  1  2  3  4 |
---------------+-------------+-----
Throwing       | 2 |  2.8
Armour         | 1 |  1.2
Staves         | 4 |  4.1
Fighting       | |  2.5
Dodging        | |  2.8

Action                   |  1- 3 |  4- 6 || total
-------------------------+-------+-------++-------
Melee: Quarterstaff      |    92 |    43 ||   135
Throw: Throwing net      |     5 |       ||     5
       Stone             |    71 |       ||    71
       Boomerang         |     3 |    37 ||    40
Armor: Leather armour    |    22 |    27 ||    49
Dodge: Dodged            |    47 |    36 ||    83
